 Dungeon Crawl Stone Soup version 0.31-a0-1074-g0b22e4e0f1 (webtiles) character file.

Game seed: 5392512881343477125

87 avis the Ducker (level 4, 21/21 HPs)
             Began as a Felid Shapeshifter on Dec 2, 2023.
             Got out of the dungeon alive.
             The game lasted 00:09:29 (1756 turns).

avis the Ducker (Felid Shapeshifter)                Turns: 1756, Time: 00:09:30

Health: 21/21      AC:  1    Str: 10    XL:     4   Next: 28%
Magic:  5/5        EV: 18    Int: 11    God:
Gold:   179        SH:  5    Dex: 17    Spells: 3/3 levels left
                                        Lives:  1   Deaths: 1

rFire   . .          .
                       - Unarmed
rCold   . . .        (shield unavailable)
rNeg    + . .        (body armour unavailable)
rPois   .            (helmet unavailable)
rElec   .            (cloak unavailable)
rCorr   .            (gloves unavailable)
SInv    +            (boots unavailable)
Will    .....        f - amulet of reflection
Stlth   ++           g - ring of positive energy
HPRegen 0.23/turn    (no ring)
MPRegen 0.09/turn

%: reflection
@: beast-form, quick
A: beast (slay +2), very small, claws 1, fangs 3, see invisible, speed 1, shaggy
fur 1, stealthy paws, no weapons or thrown items, no armour, multi-lived
a: Begin Untransformation


You escaped.
You were a hulking beast.
You visited 1 branch of the dungeon, and saw 3 of its levels.

You collected 179 gold pieces.

Inventory:

Jewellery
 f - an amulet of reflection (around neck)
 g - a ring of positive energy (left paw)
Talismans
 b - a beast talisman
 c - a flux talisman
Scrolls
 d - 2 scrolls of poison {unknown}
 e - 3 scrolls of enchant armour {unknown}
 j - a scroll of teleportation {unknown}
 k - a scroll of fear {unknown}
 m - a scroll of revelation {unknown}
Potions
 a - 2 potions of lignification
 h - 3 potions of degeneration {unknown}
 i - a potion of mutation {unknown}
 l - a potion of enlightenment {unknown}


   Skills:
 - Level 3.0 Fighting
 * Level 4.0 Dodging
 + Level 1.7 Stealth
 - Level 3.0 Unarmed Combat
 - Level 3.5 Shapeshifting


You had 3 spell levels left.
You didn't know any spells.
Your spell library contained the following spells:

 Spells                   Type           Power      Damage    Failure   Level
 Lesser Beckoning         Tloc           0%         N/A       47%         2
 Gell's Gravitas          Tloc           0%         N/A       71%         3
 Teleport Other           Tloc           0%         N/A       71%         3


Dungeon Overview and Level Annotations

Branches:
Dungeon (3/15)

Altars:


Innate Abilities, Weirdness & Mutations

You are a hulking beast.
Your limbs bulge with bestial killing power. (Slay +2)
You have sharp claws.
You have razor-sharp teeth.
You have supernaturally acute eyesight. (SInv)
You cover ground quickly. (Speed+)
You are covered in fur. (AC +1)
Your paws help you pounce on unaware monsters.
You are incapable of wielding weapons or throwing items.
You cannot wear armour.
You gain extra lives every three experience levels.


Message History

There is a stone staircase leading up here.
A ball python comes into view.
The orc priest shouts!
The orc shouts!
The orc priest mumbles some strange prayers to Beogh against you.
Beogh smites you!
Ouch! That really hurt!
The quokka completely misses you.
You climb upwards.
There is a stone staircase leading down, spattered with blood here.
You start resting.
HP restored.
You climb downwards.
A goblin comes into view. It is wielding a +0 dagger.
The orc misses you. The orc barely misses you.
The orc priest casts a cantrip, but nothing happens.
The quokka completely misses you. The orc barely misses you.
You block the orc's attack. The orc hits you with a +0 war axe.
The goblin moves out of view.
There is a stone staircase leading up, spattered with blood here.
The quokka completely misses you. The orc closely misses you.
The orc hits you from afar with a +0 trident!
The orc barely misses you. x2; The quokka bites you.
* * * LOW HITPOINT WARNING * * *
You climb upwards.
There is a stone staircase leading down, spattered with blood here.
You closely miss the quokka. The orc completely misses you.
You block the quokka's attack.
You scratch the quokka.
The quokka is severely wounded.
The quokka bites you.
You die...
Your shape twists and changes as you die.
The orc barely misses you.
You rejoin the land of the living...
What level of the Dungeon? (default 2, ? - help)
There is a stone staircase leading up here.
You climb upwards.
There is a stone staircase leading down here.
There is a staircase leading out of the dungeon here.
You have escaped!

#...## #.# #....#.#.
#....## #.# ###
#.##.#.#. ###...##
#.# #.# #.##.#.##
##...#####.#####.#
#.##.#...
##........##....#
#.##.....
#∩_......##....#
#.######.
##........##....#
#.# #.
##...#####.#.8...##
#.# #. ###...##.#
#.#h.....# #.#######
#....##..#
#.#.8....# #........
#...###..#
#.##.....# #########
#..## #..#
#.##.....#########..
#..####..#
#.##................
##.......#
#.#####.#......###..
#.#####.#
#.#####+#...........
#.....#.#
#.##.......##'#.##..
#####.#.#
#.##.......'..#...#.


There were no monsters in sight!

Vanquished Creatures
  Terence (D:2)
  3 worms (D:2)
  A dart slug (D:2)
  3 bats
  6 endoplasms
  3 giant cockroaches
  A goblin (D:1)
  6 hobgoblins
  6 quokkas
  4 ball pythons (D:1)
  2 frilled lizards
  5 kobolds
  4 rats
45 creatures vanquished.

Notes
Turn   | Place    | Note
-------+----------+-------------------------------------------
     0 | D:1      | avis the Felid Shapeshifter began the quest for the Orb.
     0 | D:1      | Reached XP level 1. HP: 9/9 MP: 2/2
   102 | D:1      | Found a faded altar of an unknown god.
   189 | D:1      | Reached XP level 2. HP: 13/13 MP: 3/3
   229 | D:1      | Reached skill level 3 in Dodging
   706 | D:1      | Reached XP level 3. HP: 16/16 MP: 4/4
   994 | D:2      | Noticed Terence
  1029 | D:2      | Killed Terence
  1030 | D:2      | Reached skill level 1 in Stealth
  1030 | D:2      | Reached XP level 4. HP: 13/21 MP: 5/5
  1461 | D:2      | Reached skill level 4 in Dodging
  1708 | D:2      | Slain by a quokka
  1756 | D:$      | Got out of the dungeon alive.

Illustrated notes

Levels and vault maps discovered:
D:1:      mrwooster_arrival_statue, layout_basic,
          hellmonk_ecumenical_altar_crossroads, minmay_pentomino_p4
D:2:      layout_loops_ring, uniq_terence
D:3:      layout_rooms, yredelemnul_altar_generic,
          nicolae_ru_great_annihilating_truth, kennysheep_okawaru_gauntlet

Skill      XL: |  1  2  3  4 |
---------------+-------------+-----
Fighting       | 2 3 |  3.0
Dodging        | 3 4 |  4.0
Stealth        | 1 |  1.7
Unarmed Combat | |  3.0
Shapeshifting  | |  3.5

Action                     |  1- 3 |  4- 6 || total
---------------------------+-------+-------++-------
  Melee: Unarmed           |    82 |    21 ||   103
         Bite              |     9 |     3 ||    12
         Punch             |     4 |       ||     4
   Stab: Sleeping          |     3 |       ||     3
         Distracted        |     1 |       ||     1
 Armour: Skin              |    13 |     5 ||    18
  Dodge: Dodged            |    49 |    19 ||    68
  Block: Other             |     7 |     5 ||    12
         Reflection        |       |     1 ||     1

Table legend: (Time is in decaauts)
 A = Elapsed time spent in this place.
 B = Non-inter-level travel time spent in this place.
 C = Inter-level travel time spent in this place.
 D = Time resting spent in this place.
 E = Time spent auto-exploring this place.
 F = Levels seen in this place.
 G = Mean time per level.
                   A        B        C        D        E       F      G
               +--------+--------+--------+--------+--------+-----+--------+
         Total |   1482 |   1342 |    140 |    219 |    725 |   3 |  494.0 |
       Dungeon |   1482 |   1342 |    140 |    219 |    725 |   3 |  494.0 |
               +--------+--------+--------+--------+--------+-----+--------+

Top non-repeatable levels by time:
     D:2: 760 daAuts
     D:1: 696 daAuts
     D:3: 25 daAuts
